 Dungeon Crawl Stone Soup version 0.27-a0-328-g7f782ed93a (webtiles) character file.

Game seed: 15684984345659300298

74 Chiseanne the Covert (level 4, -4/23 HPs)
             Began as a Spriggan Delver on Feb 11, 2021.
             Killed from afar by an orc wizard (6 damage)
             ... with a magic dart
             ... on level 4 of the Dungeon.
             The game lasted 00:01:44 (211 turns).

Chiseanne the Covert (Spriggan Delver)               Turns: 211, Time: 00:01:45

Health: -4/23      AC:  2    Str:  8    XL:     4   Next: 10%
Magic:  5/5        EV: 19    Int: 11    God:
Gold:   21         SH:  0    Dex: 17    Spells: 3/3 levels left

rFire    . . .     SeeInvis +   a - +0 short sword
rCold    . . .     Faith    .   (shield restricted)
rNeg     . . .     Spirit   .   b - +0 robe
rPois    .         Reflect  .   (helmet restricted)
rElec    .         Harm     .   (no cloak)
rCorr    .         Rampage  .   (gloves unavailable)
Will     .....                  (boots unavailable)
Stlth    ++++......             (no amulet)
HPRegen  0.07/turn              (no ring)
MPRegen  0.09/turn              (no ring)

@: hasted, very quick
A: very small, unfitting armour, see invisible, speed 3
a: no special abilities


You were on level 4 of the Dungeon.
You visited 1 branch of the dungeon, and saw 3 of its levels.

You collected 21 gold pieces.

Inventory:

Hand Weapons
 a - a +0 short sword (weapon)
 s - a +3 long sword
Missiles
 i - 20 sling bullets
Armour
 b - a +0 robe (worn)
Magical Staves
 h - a staff of fire {unknown}
Wands
 g - a wand of digging (3)
Scrolls
 c - a scroll of fog
 d - a scroll of magic mapping


   Skills:
 - Level 2.4 Fighting
 * Level 3.3 Short Blades
 * Level 4.0 Dodging
 * Level 8.1 Stealth


You had 3 spell levels left.
You didn't know any spells.
Your spell library was empty.

Dungeon Overview and Level Annotations

Branches:
Dungeon (6/15)
 Temple: D:4-7

Altars:


Innate Abilities, Weirdness & Mutations

You are very small and have problems with some larger weapons.
You are too small for most types of armour.
You have supernaturally acute eyesight. (SInv)
You cover ground extremely quickly.


Message History

The orc closely misses you.
You hit the orc but do no damage.
The orc is lightly wounded.
The orc priest calls upon Beogh to heal the orc.
The orc's wounds heal themselves!
The orc hits you with a +0 dagger.
You hit the orc but do no damage. The orc hits you with a +0 dagger.
* * * LOW HITPOINT WARNING * * *
You feel yourself speed up. The orc completely misses you.
You barely miss the orc. You closely miss the orc.
The orc hits you with a +0 dagger.
* * * LOW HITPOINT WARNING * * *
You hit the orc but do no damage. The orc closely misses you.
You barely miss the orc.
As you read the scroll of fear, it crumbles to dust.
You assume a fearsome visage.
The orc looks frightened!
The orc priest looks frightened!
You hit the orc but do no damage.
Your attack snaps the orc out of its fear.
The orc completely misses you.
You barely miss the orc.
You catch the helpless orc priest completely off-guard!
You impale the orc priest!!
You kill the orc priest!
Your Dodging skill increases to level 4!
Your Stealth skill increases to level 8!
You have reached level 4!
The orc barely misses you.
Things that are here:
a +0 whip; an atropa-tipped dart; an orc corpse An orc wizard comes into view.
It is wielding a +0 dagger.
An orc wizard comes into view. It is wielding a +0 dagger.
The orc shouts!
You open the door.
The orc wizard gestures at you while chanting.
The puff of flame misses you.
Found a scroll labelled YMETUZAA MIFE.
There is an open door here.
The orc wizard casts a spell at you. The magic dart hits you.
You die...

..#. ... .... #..
....? ..# .
.....##.# ##.
........##+#..$ .#
............#### .#
##
..............o##.#
#.
.......@.....#..o.#
#)
..........o..#....#
#o
.....###'#...#...#
#. ....
#.......o..#######o
...
#........(.........
#.
#..........########
# #.............#
#######.......#
#.....>.#


You could see 2 orc wizards and an orc.

Vanquished Creatures
  A wight (D:6)
  An orc priest (D:4)
  A leopard gecko (D:5)
  A quokka (D:4)
4 creatures vanquished.

Notes
Turn   | Place    | Note
-------+----------+-------------------------------------------
     0 | D:5      | Chiseanne the Spriggan Delver began the quest for the Orb.
     0 | D:5      | Reached XP level 1. HP: 11/11 MP: 2/2
    63 | D:6      | Noticed a wight
    64 | D:6      | Noticed a wight
    64 | D:6      | Noticed a wight
    67 | D:6      | Killed a wight
    68 | D:6      | Reached XP level 2. HP: 16/16 MP: 3/3
    68 | D:6      | Reached XP level 3. HP: 19/19 MP: 4/4
    86 | D:5      | Noticed a necrophage
   188 | D:4      | Reached skill level 8 in Stealth
   188 | D:4      | Reached XP level 4. HP: 1/23 MP: 5/5
   211 | D:4      | Killed from afar by an orc wizard

Illustrated notes

Levels and vault maps discovered:
D:4:      layout_basic, kennysheep_windowed_goal, uniq_duvessa, uniq_menkaure,
          uniq_pikel, uniq_sigmund
D:5:      layout_rooms, nemelex_xobeh_ov_fountains_minmay
D:6:      layout_cave_pools, gammafunk_temple_overflow_statue,
          old_standard_altar, minmay_temple_entry_junction, serial_glass,
          glass_columns_a, glass_columns_b, uniq_edmund, uniq_blork_the_orc,
          uniq_grinder

Skill      XL: |  1  2  3 |
---------------+----------+-----
Short Blades   | 3 |  3.3
Dodging        | 3 4 |  4.0
Stealth        | 8 |  8.1
Fighting       | |  2.4

Action                   |  1- 3 |  4- 6 || total
-------------------------+-------+-------++-------
Melee: Short sword       |    31 |       ||    31
Throw: Dart              |     2 |       ||     2
  Use: Scroll            |     1 |       ||     1
       Potion            |     1 |       ||     1
 Stab: Sleeping          |     1 |       ||     1
       Fleeing           |     1 |       ||     1
Dodge: Dodged            |    23 |     2 ||    25

Table legend: (Time is in decaauts)
 A = Elapsed time spent in this place.
 B = Non-inter-level travel time spent in this place.
 C = Inter-level travel time spent in this place.
 D = Time resting spent in this place.
 E = Time spent auto-exploring this place.
 F = Levels seen in this place.
 G = Mean time per level.
                   A        B        C        D        E       F      G
               +--------+--------+--------+--------+--------+-----+--------+
         Total |    138 |    138 |      0 |      3 |      9 |   3 |   46.0 |
       Dungeon |    138 |    138 |      0 |      3 |      9 |   3 |   46.0 |
               +--------+--------+--------+--------+--------+-----+--------+

Top non-repeatable levels by time:
     D:4: 76 daAuts
     D:5: 45 daAuts
     D:6: 16 daAuts
